Map: Nightshade LE

Players

MassiveFred

  • Race: Terran Terran
  • League: Gold
  • Spawn Location: 5:00

Massa - Winner!

  • Race: Terran Terran
  • League: Gold
  • Spawn Location: 11:00

VOD

Have the link to the VOD?

Description

Time

  • Played on: May 22, 2020, 10:30 a.m.
  • Length: 5:19
Show
View Real Time Build Order
Export as new Build Order

MassiveFred Terran 

Build Orders: 1/1/1 

Get SALT Encoding   

  12  0:00  SCV  
  13  0:12  SCV  
  14  0:19  Supply Depot  
  14  0:25  SCV  
  15  0:28  Refinery  
  15  0:42  Barracks  
  15  0:45  SCV  
  16  0:56  Refinery  
  16  0:57  SCV  
  17  1:09  SCV  
  18  1:21  SCV  
  18  1:23  Supply Depot  
  19  1:34  SCV  
  20  1:40  Factory  
  20  1:43  Reaper  
  22  2:02  Orbital Command  
  21  2:09  Barracks  
  21  2:25  Starport, Factory Tech Lab  
  21  2:32  SCV  
  21  2:35  Barracks Tech Lab  
  22  2:44  SCV  
  23  2:50  Siege Tank  
  26  3:12  Stimpack  
  26  3:13  Marine  
  26  3:18  SCV  
  28  3:25  Barracks Reactor  
  28  3:32  Command Center  
  28  3:40  Medivac  
  30  3:44  Supply Depot  
  30  3:46  SCV  
  31  4:05  Marine  
  31  4:06  Siege Tank  
  34  4:23  Marine  
  30  4:41  Marine  
  25  4:59  Marine  
Show
View Real Time Build Order
Export as new Build Order

Massa Terran - Winner!

Build Orders:  

Get SALT Encoding   

  12  0:10  Supply Depot  
  12  0:14  SCV  
  13  0:26  SCV  
  14  0:34  Barracks  
  14  0:38  SCV  
  15  0:50  SCV  
  16  1:02  SCV  
  17  1:07  Barracks  
  17  1:22  Supply Depot, SCV  
  18  1:27  Barracks  
  18  1:30  Marine  
  19  1:37  SCV  
  20  1:47  Marine  
  21  1:56  Marine  
  21  2:03  Barracks  
  21  2:05  Marine  
  22  2:12  Supply Depot  
  22  2:13  SCV  
  22  2:14  Marine  
  24  2:19  Refinery  
  24  2:23  Marine  
  24  2:28  Orbital Command  
  24  2:29  Marine  
  26  2:32  Marine  
  27  2:41  Marine  
  28  2:47  Marine  
  28  2:50  Marine  
  28  2:51  Marine  
  31  2:59  Marine  
  31  3:04  Marine  
  33  3:07  Marine  
  33  3:09  Marine  
  35  3:17  Marine  
  36  3:22  Marine  
  36  3:25  Marine  
  36  3:26  Marine  
  39  3:34  Factory  
  39  3:40  Supply Depot  
  39  3:44  Supply Depot  
  39  4:01  Marine x4  
  39  4:33  Marine x3  
  39  4:34  Marine  
  39  4:51  Marine x4  
Tags
 
League
GoldGold
Matchup
TvT
Opening
1/1/1
Race
Terran
Replay Pack
Multiplayer
Spawn Locations
Cross Positions
Add a new tag
Caveats
  • Supply blocks, unpowered buildings, or Contaminate may cause inaccurate times.
  • Supply counts are checked every 10 seconds.